Map: Estaleiro Orbital

Players

Kelazhur - Winner!

  • Race: Terran Terran
  • League: Grandmaster

ByRada

  • Race: Zerg Zerg
  • League: Grandmaster

Event: Copa America 2016 Season 1

VOD

Have the link to the VOD?

Description

Time

  • Played on: Feb. 16, 2016, 4:48 p.m.
  • Length: 11:53

All games in this series

Show
View Real Time Build Order
Export as new Build Order

Kelazhur Terran - Winner!

Build Orders: MMM Bio 

Get SALT Encoding   

  12  0:01  SCV  
  13  0:13  SCV  
  14  0:17  Supply Depot  
  14  0:25  SCV  
  15  0:39  SCV  
  15  0:40  Barracks  
  16  0:43  Refinery  
  16  0:51  SCV  
  17  0:59  Barracks  
  17  1:03  SCV  
  18  1:15  SCV  
  19  1:20  Barracks  
  19  1:26  Refinery  
  19  1:30  Reaper  
  20  1:42  Orbital Command  
  20  1:46  Reaper  
  21  1:54  Supply Depot  
  21  2:02  Reaper  
  21  2:07  Reaper  
  23  2:16  SCV  
  23  2:18  Reaper  
  25  2:26  Supply Depot  
  25  2:28  SCV  
  26  2:34  Reaper  
  27  2:39  Reaper  
  27  2:40  SCV  
  29  2:51  Reaper  
  30  3:01  SCV  
  31  3:06  Reaper  
  31  3:12  Command Center, Reaper  
  33  3:14  SCV  
  34  3:26  Reaper  
  35  3:28  SCV  
  35  3:30  Bunker  
  36  3:38  Reaper  
  36  3:41  SCV  
  38  3:44  Reaper  
  39  3:53  SCV  
  39  3:56  Supply Depot  
  39  4:05  Command Center  
  39  4:13  SCV  
  39  4:17  Reaper  
  39  4:21  Reaper  
  40  4:26  Orbital Command  
  40  4:28  Barracks Tech Lab  
  40  4:29  SCV  
  41  4:42  SCV  
  42  4:48  Stimpack  
  42  4:52  Barracks Tech Lab  
  42  4:54  Barracks Reactor, SCV  
  42  4:56  Marine  
  42  4:58  SCV  
  45  5:04  Barracks x2  
  45  5:06  SCV  
  46  5:10  Marauder, SCV  
  46  5:12  Combat Shields  
  49  5:16  Factory  
  49  5:18  Orbital Command  
  49  5:20  SCV  
  50  5:31  Marauder, Marine x2  
  50  5:32  SCV  
  50  5:34  SCV  
  55  5:39  Marauder  
  57  5:44  SCV  
  57  5:46  SCV  
  57  5:48  SCV  
  58  5:50  Marine x2  
  58  5:54  Barracks Reactor, Barracks Tech Lab  
  58  5:56  SCV  
  61  5:58  Barracks Reactor, SCV  
  61  6:00  Marauder, SCV  
  61  6:01  Refinery  
  61  6:02  Refinery  
  64  6:08  SCV  
  64  6:10  SCV  
  65  6:12  SCV, Marine x2  
  65  6:13  Marauder  
  65  6:16  Starport  
  70  6:20  Supply Depot, SCV  
  70  6:21  Supply Depot  
  70  6:22  SCV  
  70  6:24  Factory Reactor, SCV  
  73  6:30  Marauder  
  76  6:32  SCV  
  76  6:33  Supply Depot, Marine  
  77  6:40  Orbital Command  
  77  6:41  SCV, Marine x6  
  77  6:45  SCV  
  77  6:46  Engineering Bay  
  86  6:49  Engineering Bay  
  86  6:53  SCV  
  86  6:56  Marauder, Marine  
  86  6:58  SCV  
  86  6:59  Marine x2  
  92  7:05  SCV  
  92  7:07  Concussive Shells  
  93  7:09  SCV  
  93  7:10  SCV  
  93  7:13  Medivac x2  
  93  7:14  Marine x2  
  93  7:15  Factory Tech Lab  
  101  7:22  Supply Depot  
  101  7:23  Supply Depot  
  101  7:24  Marine  
  101  7:25  Marauder, SCV, Marine  
  101  7:27  SCV  
  101  7:28  Marauder  
  101  7:29  Terran Infantry Weapons Level 1  
  109  7:31  Terran Infantry Armor Level 1  
  109  7:44  SCV x3, Marine x2  
  109  7:45  Supply Depot x2  
  109  7:48  Marauder  
  115  7:52  Marine  
  115  7:53  Marine x4  
  115  7:57  Siege Tank  
  123  8:00  SCV x2  
  125  8:06  SCV, Marine  
  125  8:08  Medivac x2  
  125  8:12  Supply Depot, SCV  
  132  8:13  Armory  
  132  8:15  Supply Depot, Marine  
  132  8:16  Marauder  
  132  8:18  Marauder  
  132  8:19  Marine  
  137  8:24  SCV  
  137  8:25  SCV x2  
  141  8:34  Siege Tank, Marine x4  
  148  8:37  Supply Depot, Marauder  
  148  8:38  Medivac  
  152  8:44  Marine  
  152  8:45  Marauder, Marine  
  153  8:50  Medivac  
  155  8:56  Supply Depot  
  155  8:57  Supply Depot, Refinery  
  155  8:58  Refinery  
  155  8:59  Marauder, Command Center  
  156  9:06  Marine  
  156  9:07  Marauder, Marine x3  
  159  9:11  Medivac  
  161  9:18  Marine  
  161  9:19  Marine  
  161  9:20  Marauder  
  165  9:24  Terran Infantry Weapons Level 2  
  165  9:25  Supply Depot, Terran Vehicle Weapons Level 1  
  165  9:26  Marine  
  165  9:28  Supply Depot, Marauder  
  168  9:35  Marine x3  
  168  9:36  Marine  
  168  9:37  Marine  
  173  9:41  Marine  
  174  9:45  Barracks  
  174  9:46  Barracks x2  
  174  9:48  Supply Depot  
  174  9:49  Supply Depot  
  174  9:58  Marauder, Marine  
  175  10:02  Marine  
  173  10:09  SCV  
  173  10:10  Missile Turret, SCV  
  173  10:11  Missile Turret  
  173  10:12  Missile Turret  
  146  10:14  Marine  
  146  10:15  Marauder  
  146  10:18  Marine  
  146  10:19  Marauder  
  146  10:20  Siege Tank  
  146  10:21  SCV  
  144  10:25  SCV  
  144  10:26  Marine  
  140  10:31  Marine  
  140  10:32  SCV  
  140  10:33  SCV  
  139  10:36  Marauder, Marine  
  139  10:37  SCV  
  139  10:41  Marauder  
  139  10:42  Missile Turret  
  144  10:44  SCV  
  144  10:45  SCV  
  143  10:55  Medivac x2  
  143  10:56  SCV  
  147  10:58  Marine  
  147  10:59  Marauder  
  144  11:15  Marauder, Marine  
  144  11:18  Marine x5  
  133  11:20  Marauder  
  133  11:21  Marine x3  
  125  11:33  Marine  
Show
View Real Time Build Order
Export as new Build Order

ByRada Zerg 

Build Orders: Hatch First 

Get SALT Encoding   

  12  0:01  Drone  
  13  0:08  Drone  
  14  0:16  Overlord  
  14  0:22  Drone, Extractor  
  15  0:34  Drone x2  
  17  0:53  Hatchery  
  17  0:55  Drone  
  17  1:09  Spawning Pool  
  16  1:11  Drone  
  16  1:15  Extractor  
  16  1:16  Drone  
  17  1:19  Drone  
  18  1:27  Drone  
  19  1:38  Overlord  
  19  1:55  Queen  
  19  1:56  Zergling x2  
  19  1:58  Roach Warren  
  21  2:02  Drone  
  21  2:05  Queen  
  24  2:11  Drone  
  24  2:13  Drone  
  26  2:20  Overlord  
  24  2:43  Roach x3  
  24  2:44  Roach  
  31  2:57  Roach x2  
  31  2:58  Roach  
  35  3:10  Drone  
  35  3:11  Drone x3  
  39  3:25  Drone x3  
  39  3:26  Drone  
  43  3:39  Overlord x2  
  43  3:42  Ravager  
  44  3:49  Overlord  
  44  3:56  Extractor  
  44  4:02  Ravager  
  44  4:03  Drone  
  44  4:04  Drone x7  
  52  4:11  Queen  
  54  4:26  Overlord  
  54  4:27  Drone x2  
  54  4:28  Drone  
  57  4:32  Ravager  
  58  4:38  Drone x2  
  58  4:42  Extractor  
  59  4:47  Drone  
  59  4:48  Drone x4  
  59  4:52  Lair  
  64  4:53  Extractor  
  64  4:55  Queen  
  65  5:09  Drone  
  65  5:12  Drone x3  
  65  5:13  Evolution Chamber  
  68  5:14  Evolution Chamber  
  67  5:24  Overlord x2  
  67  5:31  Roach x2  
  67  5:32  Roach x2  
  67  5:34  Overlord x2  
  75  5:42  Zerg Ground Armor Level 1, Zerg Missile Weapons Level 1  
  73  5:51  Roach  
  73  5:52  Roach x4  
  82  6:13  Roach x3  
  82  6:14  Roach x4  
  82  6:15  Glial Reconstitution  
  96  6:22  Hatchery  
  96  6:24  Overseer  
  95  6:26  Overlord x2  
  93  6:44  Overlord x2  
  93  6:46  Drone x2  
  95  6:48  Queen  
  95  6:54  Roach x6  
  109  7:03  Overlord x2  
  109  7:21  Roach  
  109  7:22  Roach x7  
  125  7:34  Drone x3  
  128  7:40  Zerg Missile Weapons Level 2, Zerg Ground Armor Level 2  
  128  7:42  Drone  
  128  7:43  Drone  
  130  7:54  Drone x5  
  135  7:58  Tunneling Claws  
  135  8:00  Burrow  
  135  8:13  Extractor x2  
  135  8:19  Overseer  
  133  8:21  Roach  
  133  8:22  Roach x5  
  133  8:25  Drone  
  133  8:26  Overlord  
  134  8:53  Spore Crawler  
  134  8:54  Drone x3, Spore Crawler  
  134  8:55  Drone x3  
  138  8:58  Drone x4  
  142  9:04  Queen  
  142  9:10  Overlord x2  
  142  9:19  Roach  
  142  9:20  Roach x5  
  142  9:23  Overlord  
  154  9:34  Overlord x2  
  154  9:35  Overlord  
  154  9:42  Roach x3  
  154  9:43  Roach x6  
  154  9:44  Ravager x3  
  154  9:45  Ravager x4  
  161  9:53  Roach x4  
  159  10:01  Roach  
  153  10:09  Roach  
  153  10:10  Roach x8  
  166  10:17  Roach x4  
  160  10:31  Roach  
  160  10:32  Roach  
  160  10:33  Roach x18  
  156  10:45  Roach  
  156  10:46  Roach x7  
  156  10:49  Roach x18  
  156  10:55  Roach x11  
  156  10:56  Roach x2  
  148  11:01  Roach  
  148  11:04  Hatchery  
  106  11:21  Roach  
  106  11:22  Roach x3  
Tags
 
Add a new tag
Caveats
  • Supply blocks, unpowered buildings, or Contaminate may cause inaccurate times.
  • Supply counts are checked every 10 seconds.